 Dungeon Crawl Stone Soup version 0.31.0-11-ge490571c62 (webtiles) character file.

Game seed: 3926951571934269514

3 Zdeegee the Chiller (level 1, 0/14 HPs)
             Began as a Draconian Ice Elementalist on Feb 3, 2024.
             Slain by an endoplasm (1 damage)
             ... on level 1 of the Dungeon.
             The game lasted 00:00:11 (50 turns).

Zdeegee the Chiller (Draconian Ice Elementalist)      Turns: 50, Time: 00:00:12

Health: 0/14       AC:  4    Str: 10    XL:     1   Next: 41%
Magic:  1/3        EV: 12    Int: 15    God:
Gold:   0          SH:  0    Dex: 11    Spells: 3/4 levels left

rFire   . . .        (no weapon)
rCold   . . .        (no shield)
rNeg    . . .        (body armour unavailable)
rPois   .            (helmet restricted)
rElec   .            (no cloak)
rCorr   .            (no gloves)
SInv    .            (no boots)
Will    .....        (no amulet)
Stlth   ++           (no ring)
HPRegen 0.22/turn    (no ring)
MPRegen 0.08/turn

%: no passive effects
@: slowed, very slow
A: AC +4, unfitting armour, cold-blooded
a: no special abilities


You were on level 1 of the Dungeon.
You visited 1 branch of the dungeon, and saw 1 of its levels.

Inventory:

Potions
 a - a potion of magic


   Skills:
 + Level 1.7 Dodging
 + Level 1.8 Stealth
 + Level 2.0 Spellcasting
 + Level 4.1 Ice Magic


You had 3 spell levels left.
You knew the following spells:

 Your Spells              Type           Power      Damage    Failure   Level
a - Freeze                Ice            52%        1d6       4%          1

Your spell library contained the following spells:

 Spells                   Type           Power      Damage    Failure   Level
 Frozen Ramparts          Ice            26%        1d4       12%         3
 Ozocubu's Armour         Ice            13%        N/A       12%         3
 Summon Ice Beast         Ice/Summ       7%         N/A       28%         3


Dungeon Overview and Level Annotations

Branches:
Dungeon (1/15)

Altars:

Shops:
D:1 [


Innate Abilities, Weirdness & Mutations

Your plain brown scales are hard. (AC +4)
You cannot fit into any form of body armour.
You are cold-blooded and may be slowed by cold attacks.


Message History

Found Gehuabeqo's Armour Shop.
The rat squeaks loudly.
You hear a shout!
A hobgoblin comes into view. 2 endoplasms come into view.
The endoplasm quivers.
The rat bites you but does no damage.
You freeze the rat.
You kill the rat!
The endoplasm quivers.
You can't see any susceptible monsters within range! (Use Z to cast anyway.)
The hobgoblin misses you.
You freeze the hobgoblin.
The hobgoblin is severely wounded.
The hobgoblin barely misses you.
You freeze the hobgoblin.
You kill the hobgoblin!
The endoplasm closely misses you. The endoplasm freezes you.
You are frozen.
You feel yourself slow down.
You hit the endoplasm but do no damage. The endoplasm closely misses you.
The endoplasm barely misses you.
You hit the endoplasm.
The endoplasm is heavily wounded.
You feel yourself speed up. The endoplasm freezes you.
You are frozen.
You feel yourself slow down. The endoplasm barely misses you.
The endoplasm freezes you.
You are frozen.
You feel as though you will be slow longer.
The endoplasm barely misses you.
The endoplasm attacks as it pursues you!
The endoplasm closely misses you. The endoplasm freezes you.
You are frozen.
The endoplasm hits you.
* * * LOW HITPOINT WARNING * * *
The endoplasm attacks as it pursues you!
The endoplasm hits you.
* * * LOW HITPOINT WARNING * * *
The endoplasm hits you.
You die...

. ... . .....# #.
#.###.##.....# #.####
#............# #....#
#....#?#.....
#.<.###....#..... #
#....##.#.....# ####
#.####.##.......#.....
#......##.............
#...##......@J...†......
. .##.......J..........
..............:.......
..#######...........∩..
#.)............
##.............
#.............
#.#...........
#.#....##.#


You could see 2 endoplasms.

Vanquished Creatures
  A goblin (D:1)
  A hobgoblin (D:1)
  A rat (D:1)
3 creatures vanquished.

Notes
Turn   | Place    | Note
-------+----------+-------------------------------------------
     0 | D:1      | Zdeegee the Draconian Ice Elementalist began the quest for
                  | the Orb.
     0 | D:1      | Reached XP level 1. HP: 14/14 MP: 3/3
    36 | D:1      | Found Gehuabeqo's Armour Shop.
    50 | D:1      | Slain by an endoplasm

Illustrated notes

Levels and vault maps discovered:
D:1:      amcnicky_arrival_double_pillar, layout_rooms, serial_shops, shop

Action                     || total
---------------------------++-------
  Melee: Unarmed           ||     3
   Cast: Freeze            ||     5
 Armour: Skin              ||     5
  Dodge: Dodged            ||     9
